 Dungeon Crawl Stone Soup version 0.29.1-15-g9cfb28693d (webtiles) character file.

Game seed: 11236383603446912697

660079 112233 the Slayer (level 27, 0/198 (211) HPs)
             Began as an Octopode Air Elementalist on Feb 26, 2023.
             Was an Initiate of Gozag.
             Slain by a Brimstone Fiend (3 damage)
             ... in Pandemonium.
             The game lasted 02:23:59 (108954 turns).

112233 the Slayer (Octopode Air Elementalist)     Turns: 108954, Time: 02:24:01

HP:   0/198 (211)   AC: 25    Str: 21    XL:     27
MP:   56/56         EV: 46    Int: 42    God:    Gozag
Gold: 3181          SH:  0    Dex: 19    Spells: 15/67 levels left

rFire   + . .      SeeInvis .     - Unarmed
rCold   + + +      Faith    .   (shield currently unavailable)
rNeg    + . .      Spirit   .   (helmet currently unavailable)
rPois   ∞          Reflect  .   j - amulet of the Komtur {RegenMP rC- rN+ Will+}
rElec   +          Harm     .   e - ring of Mik Qei {rF+ MP+9 EV+4}
rCorr   +          Rampage  .   B - ring of Yboly {Str+6 Dex-4 Slay+5}
Will    ++++.                   Q - ring "Riadiul" {rC+ Str+6 Dex+4}
Stlth   ++........              b - +6 ring of intelligence
HPRegen 1.23/turn               Z - ring "Hiseuq" {rC++ EV+4 Int+3}
MPRegen 0.75/turn               X - ring "Qapun" {Drain rC+ Will+ rCorr}
                                T - ring "Nyujaex" {Int+6 Dex+4}
                                k - ring of the Tortoise {AC+8}

@: brilliant, storm-form, corroded, gold aura, on berserk cooldown, flying,
hasted and slowed, drained, unable to drink
A: cleaving, insubstantial, flying, almost no armour, amphibious, 8 rings,
(camouflage 1), (gelatinous body 1), (nimble swimmer 1), (tentacles),
regeneration 1, inability to drink after injury 1, devolution 1
}: 4/15 runes: decaying, silver, abyssal, gossamer
a: Blinkbolt, End Transformation, Renounce Religion, Potion Petition, Call
Merchant, Bribe Branch


You were in Pandemonium.
You worshipped Gozag.
Gozag was most pleased with you.
You were a lightning-filled tempest!
You visited 13 branches of the dungeon, and saw 55 of its levels.
You visited Pandemonium 1 time, and saw 3 of its levels.
You visited the Abyss 2 times.
You also visited: Desolation.

You collected 32171 gold pieces.
You spent 10252 gold pieces at shops.
You paid 18738 gold pieces to Gozag.

Inventory:

Armour
 w - the +3 warlock's mirror (melded) {reflect}
   (You found it in the Desolation of Salt)

   It can block and reflect piercing ranged attacks and magical attacks against
   the wielder's willpower.
 V - a +2 hat (melded)
Magical Staves
 F - a staff of conjuration (melded)
Jewellery
 b - a +6 ring of intelligence (on tentacle)
 e - the ring of Mik Qei (left tentacle) {rF+ MP+9 EV+4}
   (You bought it in a shop on level 15 of the Dungeon)

   [ring of evasion]

   EV:        It affects your evasion (+4).
   rF:        It protects you from fire.
   MP:        It affects your magic capacity (+9).
 j - the amulet of the Komtur (around neck) {RegenMP rC- rN+ Will+}
   (You found it on level 3 of the Elven Halls)

   [amulet of magic regeneration]

   It increases your rate of magic regeneration.
   rC:        It makes you vulnerable to cold.
   rN:        It protects you from negative energy.
   Will:      It increases your willpower.
 k - the ring of the Tortoise (on tentacle) {AC+8}
   (You found it on level 4 of the Depths)

   [ring of protection]

   AC:        It affects your AC (+8).
 z - a ring of see invisible
 B - the ring of Yboly (right tentacle) {Str+6 Dex-4 Slay+5}
   (You found it in the Desolation of Salt)

   [ring of strength]

   Str:       It affects your strength (+6).
   Dex:       It affects your dexterity (-4).
   Slay:      It affects your accuracy & damage with ranged weapons and melee
   (+5).
 H - the ring "Esizxies" {Wiz rElec}
   (You found it in the Desolation of Salt)

   [ring of wizardry]

   It improves your spell success rate.
   rElec:     It insulates you from electricity.
 N - the ring of the Swan {rN+ Will+ rCorr}
   (You took it off a yaktaur captain on level 5 of the Vaults)

   [ring of willpower]

   rN:        It protects you from negative energy.
   rCorr:     It protects you from acid and corrosion.
   Will:      It increases your willpower.
 Q - the ring "Riadiul" (on tentacle) {rC+ Str+6 Dex+4}
   (You bought it in a shop on level 3 of the Spider Nest)

   [ring of strength]

   Str:       It affects your strength (+6).
   Dex:       It affects your dexterity (+4).
   rC:        It protects you from cold.
 T - the ring "Nyujaex" (on tentacle) {Int+6 Dex+4}
   (You found it on level 3 of the Elven Halls)

   [ring of intelligence]

   Int:       It affects your intelligence (+6).
   Dex:       It affects your dexterity (+4).
 X - the ring "Qapun" (on tentacle) {Drain rC+ Will+ rCorr}
   (You found it on level 2 of the Elven Halls)

   [ring of willpower]

   rC:        It protects you from cold.
   rCorr:     It protects you from acid and corrosion.
   Drain:     It drains your maximum health when unequipped.
   Will:      It increases your willpower.
 Z - the ring "Hiseuq" (on tentacle) {rC++ EV+4 Int+3}
   (You bought it in a shop on level 3 of the Spider Nest)

   [ring of evasion]

   EV:        It affects your evasion (+4).
   Int:       It affects your intelligence (+3).
   rC:        It greatly protects you from cold.
Wands
 c - a wand of mindburst (65)
 m - a wand of digging (21)
 o - a wand of flame (15)
 A - a wand of acid (28)
 J - a wand of charming (59)
 W - a wand of roots (32)
Scrolls
 f - 5 scrolls of immolation
 g - 2 scrolls of silence
 n - 14 scrolls of fog
 u - 25 scrolls of teleportation
 x - 9 scrolls of fear
 G - 5 scrolls of blinking
 M - 4 scrolls of torment
 O - a scroll of enchant weapon
 R - 5 scrolls of summoning
 U - 9 scrolls of magic mapping
Potions
 a - 6 potions of magic
 d - 4 potions of invisibility
 h - a potion of cancellation
 i - 7 potions of brilliance
 l - 6 potions of haste
 q - 6 potions of berserk rage
 r - 6 potions of resistance
 s - 11 potions of might
 t - 11 potions of ambrosia
 C - 14 potions of lignification
 D - 29 potions of curing
 I - 9 potions of attraction
 P - 7 potions of heal wounds
 S - 12 potions of mutation
Miscellaneous
 p - a condenser vane (inert)
 v - a phantom mirror
 y - the horn of Geryon
 E - a phial of floods
 K - a tin of tremorstones (2/2)
 L - a box of beasts
 Y - a lightning rod (4/4)


   Skills:
 + Level 23.1 Fighting
 + Level 21.6 Dodging
 - Level 2.6 Stealth
 - Level 5.3 Shields
 + Level 21.6 Unarmed Combat
 + Level 20.6 Spellcasting
 + Level 13.6 Conjurations
 - Level 17.6 Transmutations
 - Level 18.3 Air Magic
 + Level 9.4 Evocations


You had 15 spell levels left.
You knew the following spells:

 Your Spells              Type           Power      Damage    Failure   Level
a - Wereblood             Tmut           100%       N/A       0%          2
b - Storm Form            Tmut/Air       69%        N/A       1%          7
c - Statue Form           Tmut/Erth      72%        N/A       2%          6
d - Silence               Hex/Air        55%        N/A       1%          5
e - Orb of Destruction    Conj           63%        9d15      1%          7
f - Maxwell's Capacitive  Air            69%        ∞         1%          8
g - Chain Lightning       Conj/Air       66%        3d88      58%         9
h - Apportation           Tloc           100%       N/A       1%          1
i - Freezing Cloud        Conj/Ice/Air   57%        6-21      1%          5
k - Passwall              Tmut/Erth      90%        N/A       1%          2

Your spell library contained the following spells:

 Spells                   Type           Power      Damage    Failure   Level
 Beastly Appendage        Tmut           100%       N/A       0%          1
 Magic Dart               Conj           100%       1d8       0%          1
 Shock                    Conj/Air       100%       1d9       0%          1
 Sting                    Tmut/Pois      100%       1d8       0%          1
 Searing Ray              Conj           100%       2d8       0%          2
 Static Discharge         Conj/Air       100%       3-16/arc  0%          2
 Swiftness                Air            100%       N/A       0%          3
 Airstrike                Air            69%        2d(10-26) 0%          4
 Foxfire                  Conj/Fire      100%       2x1d9     1%          1
 Freeze                   Ice            100%       1d11      1%          1
 Necrotise                Necr           100%       1d9       1%          1
 Sandblast                Erth           100%       2d20      1%          1
 Summon Small Mammal      Summ           100%       N/A       1%          1
 Call Imp                 Summ           60%        N/A       1%          2
 Ensorcelled Hibernation  Hex/Ice        100%       N/A       1%          2
 Poisonous Vapours        Pois/Air       100%       N/A       1%          2
 Call Canine Familiar     Summ           60%        N/A       1%          3
 Confusing Touch          Hex            60%        N/A       1%          3
 Conjure Flame            Conj/Fire      100%       6-21      1%          3
 Frozen Ramparts          Ice            100%       1d16      1%          3
 Gell's Gravitas          Tloc           60%        N/A       1%          3
 Ignite Poison            Fire/Tmut/Pois 95%        N/A       1%          3
 Inner Flame              Hex/Fire       60%        N/A       1%          3
 Lesser Beckoning         Tloc           60%        N/A       1%          3
 Mephitic Cloud           Conj/Pois/Air  100%       N/A       1%          3
 Ozocubu's Armour         Ice            60%        N/A       1%          3
 Portal Projectile        Hex/Tloc       100%       N/A       1%          3
 Spider Form              Tmut/Pois      100%       N/A       1%          3
 Stone Arrow              Conj/Erth      100%       3d13      1%          3
 Summon Guardian Golem    Hex/Summ       60%        N/A       1%          3
 Teleport Other           Tloc           60%        N/A       1%          3
 Tukima's Dance           Hex            60%        N/A       1%          3
 Vampiric Draining        Necr           60%        2d10      1%          3
 Flame Wave               Conj/Fire      100%       2d21      1%          4
 Fulminant Prism          Conj/Hex       50%        3d23      1%          4
 Hailstorm                Conj/Ice       100%       3d20      1%          4
 Ice Form                 Ice/Tmut       100%       N/A       1%          4
 Iskenderun's Mystic Bla  Conj/Tloc      100%       2d19      1%          4
 Petrify                  Tmut/Erth      100%       N/A       1%          4
 Sticky Flame             Conj/Fire      100%       2d11      1%          4
 Summon Lightning Spire   Summ/Air       100%       N/A       1%          4
 Alistair's Intoxication  Tmut/Pois      72%        N/A       1%          5
 Fireball                 Conj/Fire      50%        3d20      1%          5
 Iskenderun's Battlesphe  Conj           100%       2d15      1%          5
 Lightning Bolt           Conj/Air       66%        1d90      1%          5
 Yara's Violent Unravell  Hex/Tmut       54%        3d21      1%          5
 Conjure Ball Lightning   Conj/Air       66%        3x3d25    1%          6
 Eringya's Noxious Bog    Tmut/Pois      54%        N/A       2%          6
 Iron Shot                Conj/Erth      50%        9d10      4%          6
 Dispel Undead            Necr           60%        3d21      5%          4
 Leda's Liquefaction      Hex/Erth       30%        N/A       5%          4
 Passage of Golubria      Tloc           60%        N/A       5%          4
 Summon Ice Beast         Ice/Summ       60%        N/A       5%          4
 Agony                    Necr           60%        N/A       14%         5
 Borgnjor's Vile Clutch   Necr/Erth      30%        N/A       14%         5
 Lee's Rapid Deconstruct  Erth           30%        3d17*     14%         5
 Metabolic Englaciation   Hex/Ice        30%        N/A       14%         5
 Summon Forest            Summ/Tloc      30%        N/A       14%         5
 Summon Mana Viper        Hex/Summ       60%        N/A       14%         5
 Death Channel            Necr           30%        N/A       63%         6
 Dispersal                Tloc           30%        N/A       63%         6
 Summon Cactus Giant      Summ           30%        N/A       63%         6
 Lehudib's Crystal Spear  Conj/Erth      50%        10d12     91%         8
 Enfeeble                 Hex            30%        N/A       99%         7
 Malign Gateway           Summ/Tloc      30%        N/A       99%         7
 Ozocubu's Refrigeration  Ice            30%        4d14      99%         7
 Summon Hydra             Summ           30%        N/A       99%         7
 Discord                  Hex            30%        N/A       100%        8
 Disjunction              Tloc           30%        N/A       100%        8
 Ignition                 Fire           30%        3d10      100%        8
 Animate Armour           Summ/Erth      Unusable   N/A       N/A         4
 Animate Dead             Necr           Unusable   N/A       N/A         4
 Simulacrum               Ice/Necr       Unusable   N/A       N/A         6

Dungeon Overview and Level Annotations

Branches:
Dungeon (15/15)            Temple (1/1) D:7            Lair (5/5) D:8
  Swamp (4/4) Lair:3       Spider (4/4) Lair:3        Slime (0/5) Lair:4
    Orc (2/2) D:9             Elf (3/3) Orc:2        Vaults (5/5) D:13
  Crypt (3/3) Vaults:3       Tomb (0/3) Crypt:3      Depths (4/4) D:15
   Hell (visited)             Dis (0/7) Hell            Geh (0/7) Hell
    Coc (3/7) Hell            Tar (0/7) Hell            Zot (5/5) Depths:4
Desolation (visited)

Altars:
Ashenzari
Cheibriados
Elyvilon
Fedhas
Gozag
Hepliaklqana
Kikubaaqudgha
Makhleb
Nemelex Xobeh
Okawaru
Qazlal
Ru
Sif Muna
Trog
Uskayaw
Vehumet
Wu Jian
Xom
Yredelemnul
Zin

Shops:
D:6 (   D:8 :   D:14 ?   D:15 :?*=   Orc:2 *([=   Elf:3 :***   Spider:3 =
Vaults:4 :   Depths:1 ?   Depths:4 ((*

Portals:
Hell: Depths:1 Depths:2 Depths:3 Depths:4
Abyss: Depths:2 Depths:3
Pandemonium: Depths:2 Depths:3
Ziggurat: Depths:3

Annotations:
D:5 exclusion: upstairs
D:6 1 runed translucent door, Crazy Yiuf
D:7 exclusion: downstairs
D:9 exclusion: upstairs
D:13 exclusion: 2 downstairs
D:14 Roxanne
Lair:3 exclusion: 2 downstairs
Lair:4 exclusions: 2 downstairs and upstairs
Swamp:1 exclusion: downstairs
Orc:1 2 transporters, Tenafry's ghost, journeyman DsAK
Elf:1 6 runed translucent doors
Elf:2 5 runed translucent doors
Zot:1 4 transporters
Zot:3 1 transporter
Zot:4 2 transporters, exclusion: orange crystal statue
Pan 4 transporters


Innate Abilities, Weirdness & Mutations

You are a lightning-filled tempest!
Your electrical attacks strike out in all directions at once.
You are incredibly evasive.
Your insubstantial body is immune to petrification, constriction, and being set on fire You are flying.
You are immune to poison.
Your armour is entirely melded.
You are incapable of wielding weapons or throwing items.
You cannot wear most types of armour.
You are amphibious.
You can wear up to eight rings at the same time.
((Your skin changes colour to match your surroundings (Stealth+).))
((Your rubbery body absorbs attacks. (AC +1, EV +1)))
((You are camouflaged when in or above water. (Stealth+)))
((You have tentacles for arms and can constrict up to eight enemies at once.))
Your natural rate of healing is unusually fast.
You occasionally lose the ability to drink potions when taking damage.
You have hidden genetic defects.


Message History

The demonspawn corrupter is engulfed in poison gas.
The demonspawn corrupter is poisoned.
The demonspawn corrupter calls forth creatures from the Abyss!
The blizzard demon gestures at you. The bolt of lightning misses you. x2
The bolt of lightning hits the blizzard demon.
The blizzard demon completely resists. [a] - 299 gold - heal wounds, curing and berserk rage [b] - 120 gold - heal wounds [c] - 325 gold - heal wounds, curing and berserk rage Purchase which effect?
You feel much better. The Tzitzimitl gestures at you.
The bolt of negative energy hits you! You partially resist.
You feel drained.
* * * LOW HITPOINT WARNING * * *
The demonspawn corrupter is engulfed in poison gas.
The demonspawn corrupter looks even sicker.
The cacodemon gestures at you. You resist with almost no effort.
The Brimstone Fiend closely misses you.
The Brimstone Fiend completely misses you. x2
The Tzitzimitl calls on the powers of darkness!
Your body is wracked with pain!
* * * LOW HITPOINT WARNING * * *
The starcursed mass is distracted by your dazzling golden aura.
The apocalypse crab is engulfed in poison gas.
The apocalypse crab is poisoned.
Unknown command. [a] - 391 gold - lignification, might and resistance [b] - 340 gold - lignification, might and resistance [c] - 420 gold - curing, magic and haste Purchase which effect?
You feel better. Magic courses through your body.
You feel as though your hastened speed will last longer.
The demonspawn corrupter is distracted by your dazzling golden aura.
The Tzitzimitl gestures at you. The bolt of negative energy hits you!!
You partially resist.
You feel drained.
* * * LOW HITPOINT WARNING * * *
The Brimstone Fiend hits you.
You die...
Your body crumbles into a pile of gold.

#..2#...#..21#.#
####..##..2##..##.#
.♣..#2...#.#..?©#..##
...©#.3136#p.X..#©..#..
♣..#3.2.#p#...©#......
####..##...##..##.##..
$ #..2#.1.#....# #
+.....2..2.21#
#....©t○○1☼°v#
#.......☼6°.##
#..#####X2°##
####...##### ..... .###


You could see a starcursed mass (summoned, unaware), 2 Tzitzimimeh, a Brimstone
Fiend (black mark), a cacodemon (strong, black mark), a demonspawn corrupter
(black mark, unaware, very poisoned), a green death (fast, strong), 2 blizzard
demons, a shadow demon (strong, black mark), an apocalypse crab (summoned,
poisoned) and a large abomination (agile, black mark).

Vanquished Creatures
  A pandemonium lord (Pan)
  2 dread liches
  2 ancient liches
  Mara (Vaults:3)
  3 juggernauts (Depths:3)
  Sojobo (Crypt:2)
  Josephina (Crypt:3)
  Parghit (Depths:3)
  Xtahua (Vaults:5)
  Saint Roka (Vaults:3)
  Frederick (Vaults:5)
  A caustic shrike (Depths:3)
  5 curse toes
  Nikola (Swamp:2)
  A profane servitor (Abyss:3)
  Geryon (Hell)
  4 golden dragons
  A bone dragon (Depths:4)
  Arachne (Spider:3)
  Jory (Vaults:2)
  2 Brimstone Fiends (Pan)
  An electric golem (Zot:3)
  A Tzitzimitl (Pan)
  12 tentacled monstrosities
  An Ice Fiend (Pan)
  A Hell Sentinel (Pan)
  Mlioglotl (Swamp:3)
  A hellephant (Depths:4)
  9 liches
  Rupert (D:13)
  Zenata (Crypt:2)
  8 Orb Guardians (Zot:5)
  7 searing wretches
  5 titans
  A deep elf master archer (Elf:3)
  4 quicksilver dragons
  A deep elf blademaster (Elf:3)
  3 Executioners
  5 sphinxes
  7 death cobs
  2 tentacled starspawn (Abyss:3)
  13 storm dragons
  8 ancient champions
  12 tengu reavers
  2 thorn hunters
  Kirke (Elf:1)
  Donald (Spider:2)
  A nagaraja (Abyss:3)
  An azure jelly (Coc:2)
  10 shadow dragons
  A fenstrider witch (Swamp:4)
  3 draconian monks
  3 revenants
  4 fire giants
  6 narguns
  Agnes (Spider:4)
  7 deep elf sorcerers
  3 draconian knights (Zot:2)
  10 frost giants
  4 emperor scorpions
  2 iron dragons
  12 vault wardens
  A balrug (Pan)
  2 cacodemons (Pan)
  9 draconian shifters
  6 draconian scorchers
  Louise (Swamp:4)
  A spectral juggernaut (Depths:3)
  8 ghost moths
  3 curse skulls
  3 juggernaut zombies
  2 orc warlords
  8 ghouls
  7 deep elf elementalists (Elf:3)
  4 draconian annihilators
  A spriggan defender (Depths:3)
  4 draconian stormcallers
  4 war gargoyles
  20 very ugly things
  23 ironbound preservers
  14 reapers
  A broodmother (Spider:2)
  8 vampire knights
  A rockslime zombie (Crypt:1)
  16 stone giants
  5 elemental wellsprings
  8 ironbound thunderhulks
  14 deep elf demonologists
  5 black draconians
  10 green draconians
  11 spark wasps
  4 eleionomae
  15 dire elephants
  13 red draconians
  10 white draconians
  2 halazid warlocks (Desolation)
  4 entropy weavers
  2 lorocyprocas
  A spark wasp (shapeshifter) (Elf:3)
  9 deep elf annihilators
  4 bunyips
  7 yellow draconians
  6 purple draconians
  A wendigo (Coc:1)
  2 iron golems
  6 statues (Depths:2)
  4 blizzard demons
  4 fire dragons
  12 ettins
  2 green deaths
  6 deep elf death magi
  4 eidola
  5 crystal guardians
  3 ragged hierophants (Desolation)
  A merfolk javelineer (Abyss:3)
  21 yaktaur captains
  A merfolk impaler (Depths:1)
  A quicksilver dragon zombie (Hell)
  2 mummy priests (Crypt:3)
  6 deep elf high priests
  5 spriggan zombies
  6 great orbs of eyes
  7 jiangshi
  7 ice dragons
  2 caustic shrike simulacra
  3 juggernaut simulacra
  6 rakshasas
  38 vault guards
  6 peacekeepers
  4 servants of whispers (Desolation)
  7 ironbound frosthearts
  3 jorogumos
  3 ghost crabs
  4 salamander tyrants (Depths:2)
  2 death knights
  14 hydras
  13 boulder beetles
  3 spriggan air magi
  A stoker (Hell)
  A satyr (Abyss:3)
  4 catoblepae
  15 centaur warriors
  4 ogre magi
  A radroach (Spider:2)
  11 alligators
  7 two-headed ogres
  7 deep troll shamans
  15 death yaks
  4 deep troll earth magi
  3 hell hogs (Hell)
  A bennu skeleton (Crypt:2)
  6 thrashing horrors (Abyss:3)
  20 dancing weapons
  5 tengu warriors
  10 spriggan berserkers
  Urug (Lair:2)
  6 vampire magi
  3 orc high priests
  7 sun demons
  A storm dragon zombie (Hell)
  16 hell knights
  2 shadow wraiths
  2 crystal echidnas (Hell)
  A fire crab (Lair:5)
  A wretched star (Abyss:3)
  13 soul eaters
  4 pharaoh ants
  23 skeletal warriors
  5 sixfirhies
  4 sun moths
  4 iron trolls
  22 deep elf knights
  A bunyip zombie (Crypt:3)
  3 bog bodies
  A death drake (Swamp:2)
  A steelbarb worm (shapeshifter) (Depths:2)
  5 goliath frogs
  4 glowing orange brains
  8 spriggan druids
  16 orb spiders
  19 starcursed masses (Abyss:3)
  2 glowing orange brains (shapeshifter)
  7 swamp dragons
  17 phantasmal warriors
  13 deep elf archers
  4 steelbarb worms
  76 deep trolls
  A death drake (shapeshifter) (Vaults:5)
  A tengu zombie (Hell)
  15 wizards
  2 golden dragon zombies (Hell)
  2 flayed ghosts (Crypt:3)
  An orange crystal statue (Hell)
  15 necromancers
  11 lindwurms
  27 deep elf zephyrmancers
  24 ironbound convokers
  Pikel (D:4)
  24 deep elf pyromancers
  5 harpies (Vaults:2)
  2 orc knights
  A harpy (shapeshifter) (Vaults:4)
  19 wolf spiders
  41 ugly things
  2 will-o-the-wisps
  7 orc sorcerers
  3 stone giant zombies
  An oklob plant (Lair:4)
  6 cyclopes
  A moth of wrath (shapeshifter) (D:12)
  3 manticores
  22 slime creatures
  An iron dragon skeleton (D:15)
  7 elephants
  31 moths of wrath
  2 fire giant zombies (Hell)
  An elephant (shapeshifter) (D:12)
  2 frost giant zombies
  3 worldbinders
  A frost giant skeleton (Depths:3)
  5 black mambas
  21 vault sentinels
  2 apocalypse crabs (Abyss:3)
  A guardian serpent (shapeshifter) (Vaults:5)
  2 rust devils
  A gargoyle (D:6)
  2 guardian serpents (Desolation)
  2 dire elephant zombies (Crypt:3)
  A centaur skeleton (Crypt:1)
  8 orange demons
  An alligator snapping turtle zombie (Crypt:3)
  14 smoke demons
  2 torpor snails (Spider:3)
  2 titan simulacra
  A naga mage (Vaults:2)
  Maggie (D:7)
  2 efreet
  A dire elephant skeleton (Crypt:3)
  A pale draconian zombie (Crypt:1)
  8 cane toads
  2 rime drakes
  2 unseen horrors (D:11)
  A purple draconian zombie (Crypt:3)
  3 kobold demonologists
  10 komodo dragons
  4 demonic crawlers
  A steelbarb worm zombie (Crypt:2)
  5 tengu conjurers
  3 anaconda simulacra
  4 freezing wraiths
  23 yaktaurs
  A red draconian skeleton (Crypt:2)
  10 guardian mummies
  A hydra zombie (Crypt:3)
  2 ancient zymes (Abyss:3)
  2 hellwings
  A purple draconian skeleton (Crypt:3)
  2 tormentors
  A harpy zombie (Crypt:2)
  3 red devils
  A yaktaur skeleton (Vaults:2)
  11 trolls
  2 ice devils (Hell)
  2 polar bears
  2 iron giant simulacra
  15 hornets
  3 meliai (Spider:2)
  36 saltlings
  5 tyrant leeches
  2 bloated husks (Swamp:2)
  11 large abominations
  15 blink frogs
  A guardian serpent zombie (Crypt:2)
  32 tarantellas
  3 ettin zombies
  5 raiju (Abyss:3)
  A snapping turtle (shapeshifter) (Vaults:5)
  2 stone giant simulacra (Coc:2)
  3 air elementals
  A jumping spider (shapeshifter) (Depths:4)
  23 jumping spiders
  A fire dragon zombie (Crypt:1)
  11 spriggans
  A flying skull (Vaults:3)
  14 culicivoras
  2 ettin skeletons
  A culicivora (shapeshifter) (Vaults:5)
  A shadow (D:11)
  5 wraiths
  A naga simulacrum (Coc:2)
  A fire dragon skeleton (Crypt:1)
  3 dire elephant simulacra
  An ushabti (Crypt:3)
  3 water elementals
  2 ynoxinuls (Depths:2)
  6 wyverns
  18 humans (D:13)
  76 yaks
  2 hogs (Elf:1)
  2 alligator snapping turtle simulacra (Coc:1)
  4 neqoxecs
  6 fire elementals
  A steam dragon (D:7)
  5 basilisks
  A redback (shapeshifter) (Vaults:5)
  38 redbacks
  17 vampire mosquitoes
  3 chaos spawn
  3 harpy simulacra
  A fire bat zombie (Crypt:1)
  10 swamp worms
  5 wargs
  A glowing shapeshifter zombie (Hell)
  2 hydra simulacra
  An acid dragon (shapeshifter) (Elf:3)
  3 small abominations
  9 water moccasins
  2 black bears (D:7)
  A demonspawn skeleton (Crypt:1)
  2 swamp drakes (Swamp:3)
  37 orc warriors
  2 human zombies
  A sky beast (D:8)
  An ice beast (D:5)
  A black mamba simulacrum (Crypt:1)
  An ettin simulacrum (Coc:2)
  An elephant zombie (Crypt:2)
  9 ogres
  9 boggarts
  A snapping turtle skeleton (Crypt:3)
  A tengu (shapeshifter) (Depths:3)
  A shining eye zombie (Crypt:1)
  6 wolves
  4 centaurs
  An elf simulacrum (Vaults:2)
  An eye of devastation zombie (Crypt:3)
  A komodo dragon zombie (Crypt:2)
  6 kobold brigands
  2 lemures (D:4)
  3 phantoms
  3 gnoll sergeants
  4 earth elementals
  14 bullfrogs
  A salamander skeleton (Crypt:1)
  4 scorpions
  5 necrophages
  9 wights
  A swamp dragon simulacrum (Crypt:3)
  4 killer bees
  6 electric eels
  6 howler monkeys
  A quasit (Abyss:3)
  12 orc priests
  4 hounds
  An iron imp (Abyss:3)
  7 jellies
  9 hell rats
  A human skeleton (Crypt:2)
  2 iguanas (D:4)
  24 orc wizards
  A boggart skeleton (Crypt:3)
  An ogre skeleton (Crypt:1)
  12 mummies (Crypt:3)
  14 gnolls
  6 adders
  5 river rats (D:8)
  2 worms
  3 dart slugs
  87 orcs
  4 ball pythons
  14 bats
  7 endoplasms
  A giant cockroach (D:3)
  12 goblins
  7 hobgoblins
  9 jackals
  4 quokkas
  A dart slug zombie (Crypt:2)
  4 frilled lizards
  A giant cockroach zombie (Crypt:3)
  29 kobolds
  6 rats
  A creeping inferno (Hell)
  5 fire vortices (Hell)
  2 lurking horrors (Abyss:3)
  5 starspawn tentacles (Abyss:3)
2444 creatures vanquished.

Vanquished Creatures (collateral kills)
  2 fenstrider witches (Swamp:4)
  An entropy weaver (Spider:3)
  2 hydras
  An ironbound frostheart (Vaults:1)
  A catoblepas (Lair:5)
  2 alligators
  5 death yaks (Lair:5)
  A deep elf knight (Elf:1)
  A goliath frog (Swamp:3)
  2 skeletal warriors (D:12)
  A swamp dragon (Swamp:4)
  4 deep elf archers
  A necromancer (D:15)
  2 deep elf pyromancers (Elf:1)
  5 ugly things
  4 wolf spiders (Spider:4)
  A fire giant zombie (D:15)
  A manticore (Lair:5)
  A vault sentinel (Vaults:2)
  A fire giant skeleton (D:15)
  A hellwing (Swamp:4)
  A hornet (Swamp:4)
  A troll (D:14)
  A tyrant leech (Swamp:2)
  A tarantella (Spider:4)
  3 slime creatures
  A blink frog (shapeshifter) (D:15)
  A spriggan skeleton (D:15)
  8 yaks (Lair:5)
  A jumping spider (Spider:4)
  2 spriggans (Swamp:4)
  4 redbacks
  3 swamp worms
  A swamp drake (Swamp:3)
  2 orcs (Elf:1)
70 creatures vanquished.

Vanquished Creatures (others)
  A ghost moth (Spider:2)
  An eleionoma (Swamp:2)
  A deep elf death mage (Crypt:3)
  A vault guard (Vaults:5)
  2 caustic shrike simulacra
  An alligator (Swamp:1)
  A deep elf knight (Elf:2)
  An orb spider (Spider:4)
  A spriggan simulacrum (Coc:1)
  A deep elf pyromancer (Elf:2)
  A necromancer (Depths:1)
  An iron giant simulacrum (Coc:3)
  2 bloated husks (Swamp:1)
  A tyrant leech (Swamp:2)
  A culicivora (Spider:4)
  3 humans (Elf:1)
  2 harpy simulacra (Coc:3)
  An ettin simulacrum (Coc:1)
  An orc wizard (Elf:1)
  A hell rat (Hell)
  2 orcs
  9 ball lightnings
  12 foxfires
  58 fungi
  91 plants
  19 starspawn tentacles
  12 withered plants (D:15)
228 creatures vanquished.

Grand Total: 2742 creatures vanquished

Notes
Turn   | Place    | Note
-------+----------+-------------------------------------------
     0 | D:1      | 112233 the Octopode Air Elementalist began the quest for
                  | the Orb.
     0 | D:1      | Reached XP level 1. HP: 11/11 MP: 3/3
   370 | D:1      | Reached XP level 2. HP: 17/17 MP: 1/5
   454 | D:1      | Learned a level 2 spell: Static Discharge
  1099 | D:1      | Reached XP level 3. HP: 21/21 MP: 2/7
  2275 | D:2      | Found a faded altar of an unknown god.
  2566 | D:3      | Reached XP level 4. HP: 27/27 MP: 5/9
  3370 | D:3      | Reached XP level 5. HP: 31/31 MP: 9/11
  3541 | D:3      | Found an ornate altar of the Wu Jian Council.
  4037 | D:4      | Found a broken altar of Ashenzari.
  4156 | D:4      | Reached skill level 5 in Spellcasting
  4197 | D:4      | Found a shimmering altar of Xom.
  4199 | D:4      | Found a shimmering altar of Xom.
  4199 | D:4      | Found a shimmering altar of Xom.
  4422 | D:4      | Found a shimmering altar of Xom.
  4424 | D:4      | Found a shimmering altar of Xom.
  4425 | D:4      | Found a shimmering altar of Xom.
  4425 | D:4      | Found a shimmering altar of Xom.
  4465 | D:4      | Reached XP level 6. HP: 36/36 MP: 10/14
  4947 | D:4      | Noticed Pikel
  4971 | D:5      | Entered Level 5 of the Dungeon
  5175 | D:5      | Noticed an orc warrior
  5802 | D:5      | Reached XP level 7. HP: 26/41 MP: 6/17
  5940 | D:5      | Found a blossoming altar of Fedhas.
  6367 | D:6      | Learned a level 4 spell: Airstrike
  6371 | D:6      | Learned a level 3 spell: Swiftness
  6656 | D:8      | Noticed a yak
  6663 | D:7      | Reached skill level 1 in Fighting
  6785 | D:7      | Noticed Maggie
  6907 | D:7      | Killed Maggie
  6908 | D:7      | Reached XP level 8. HP: 37/50 MP: 1/19
  6935 | D:7      | Reached skill level 2 in Fighting
  7367 | D:8      | Reached skill level 5 in Air Magic
  7534 | D:8      | Noticed a two-headed ogre
  7539 | D:8      | Killed a two-headed ogre
  7540 | D:8      | Reached skill level 3 in Fighting
  7540 | D:8      | Reached XP level 9. HP: 57/57 MP: 3/21
  7747 | D:6      | Noticed a gargoyle
  7833 | D:6      | Identified the +9 sling of Frustration {freeze, rC++ Str+4
                  | Dex-3}
  7863 | D:6      | Found a runed translucent door.
  8030 | D:6      | Noticed a troll
  8047 | D:6      | Killed a gargoyle
  8048 | D:6      | Reached skill level 4 in Fighting
  8922 | D:4      | Killed Pikel
  8923 | D:4      | Reached skill level 5 in Dodging
  8923 | D:4      | Reached XP level 10. HP: 65/65 MP: 7/22
  9380 | D:6      | Reached skill level 5 in Fighting
  9436 | D:6      | Found Ocisij's Weapon Emporium.
  9522 | D:6      | Found a sparkling altar of Nemelex Xobeh.
  9906 | D:6      | Noticed Crazy Yiuf
 10244 | D:7      | Found a staircase to the Ecumenical Temple.
 10263 | Temple   | Entered the Ecumenical Temple
 10284 | Temple   | Became a worshipper of Gozag Ym Sagoz the Greedy
 10348 | D:7      | Found a burning altar of Makhleb.
 10371 | D:7      | Noticed a cacodemon
 10901 | D:8      | Found a staircase to the Lair.
 10904 | D:8      | Noticed a death yak
 10906 | D:8      | Noticed a death yak
 10919 | D:8      | Noticed a death yak
 11025 | Lair:1   | Entered Level 1 of the Lair of Beasts
 11091 | Lair:1   | Reached skill level 6 in Fighting
 11345 | Lair:2   | Reached XP level 11. HP: 26/72 MP: 19/24
 12393 | Lair:2   | Reached skill level 10 in Air Magic
 12688 | Lair:1   | Reached skill level 10 in Spellcasting
 12776 | Lair:2   | Noticed Urug
 12782 | Lair:2   | Killed Urug
 12910 | Lair:2   | Reached skill level 7 in Fighting
 13320 | Lair:2   | Noticed a four-headed hydra
 13325 | Lair:2   | Killed a four-headed hydra
 13661 | Lair:2   | You fall into a shaft and drop 1 floor!
 14074 | Lair:2   | Reached XP level 12. HP: 81/81 MP: 13/26
 14997 | Lair:3   | Found a staircase to the Swamp.
 16028 | Lair:4   | Noticed a seven-headed hydra
 16029 | Lair:4   | Reached skill level 8 in Fighting
 16033 | Lair:4   | Killed a seven-headed hydra
 17933 | Lair:3   | Found a hole to the Spider Nest.
 18057 | Lair:3   | Noticed a bunyip
 18057 | Lair:3   | a tyrant leech changed into a bunyip
 18215 | Lair:3   | Killed a bunyip
 19170 | D:8      | Found Ilemosmo's Book Shop.
 19675 | D:9      | Noticed a two-headed ogre
 19688 | D:9      | Killed a two-headed ogre
 19819 | D:9      | Paralysed by a hornet for 1 turns
 20037 | D:9      | Reached XP level 13. HP: 83/90 MP: 5/28
 20191 | D:8      | Reached skill level 9 in Fighting
 20715 | D:8      | Bought a manual of Spellcasting for 1280 gold pieces
 21086 | D:9      | Found a staircase to the Orcish Mines.
 22493 | D:8      | Found a bloodstained altar of Trog.
 22802 | D:8      | Found a white marble altar of Elyvilon.
 23631 | D:10     | Entered Level 10 of the Dungeon
 24935 | Lair:5   | Entered Level 5 of the Lair of Beasts
 25762 | Lair:4   | Reached skill level 10 in Dodging
 26582 | Lair:4   | Learned a level 6 spell: Conjure Ball Lightning
 26740 | Lair:4   | Reached skill level 10 in Fighting
 27180 | Orc:1    | Entered Level 1 of the Orcish Mines
 27411 | Orc:1    | Found a transporter.
 27414 | Orc:1    | Noticed Tenafry's ghost (journeyman DsAK)
 27594 | Orc:1    | Reached XP level 14. HP: 99/99 MP: 15/30
 27925 | Orc:1    | Found a transporter.
 27951 | Orc:2    | Entered Level 2 of the Orcish Mines
 28912 | Orc:2    | Noticed an orc warlord
 29540 | Orc:1    | Learned a level 8 spell: Maxwell's Capacitive Coupling
 29864 | Orc:2    | Paralysed by an orc sorcerer for 3 turns
 30911 | Orc:2    | Noticed an orc warlord
 31074 | Orc:1    | Killed an orc warlord
 32276 | Orc:2    | Killed an orc warlord
 32547 | Orc:2    | Found Kostaos's Antique Armour Emporium.
 32710 | Orc:2    | Found Mira's Jewellery Shop.
 32718 | Orc:2    | Bought a ring of magical power for 260 gold pieces
 32912 | Orc:2    | Found a staircase to the Elven Halls.
 32941 | Orc:2    | Found Gonechyn's General Store.
 33365 | Orc:2    | Found Ofouwk's Antique Weapon Boutique.
 33883 | Orc:2    | Bought a potion of curing for 36 gold pieces
 33883 | Orc:2    | Bought a scroll of amnesia for 48 gold pieces
 33883 | Orc:2    | Bought a scroll of identify for 24 gold pieces
 33883 | Orc:2    | Identified a scroll of acquirement
 34125 | Orc:2    | Bought a scroll of identify for 24 gold pieces
 34125 | Orc:2    | Acquired 797 gold pieces
 34912 | D:11     | Reached skill level 15 in Air Magic
 35637 | D:11     | Reached skill level 11 in Fighting
 36863 | D:12     | Found a hazy altar of Hepliaklqana.
 37913 | D:12     | Identified the +10 hand axe "Haenk" {pain, +Blink}
 38206 | D:12     | Reached XP level 15. HP: 95/107 MP: 7/33
 40782 | D:13     | Found a gate to the Vaults.
 41139 | D:14     | Reached skill level 12 in Fighting
 41139 | D:14     | Reached skill level 15 in Spellcasting
 41312 | D:14     | Identified Roxanne's Lessons on the Rocks
 41312 | D:14     | Noticed Roxanne
 41350 | D:14     | Found Pesisiu's Magic Scroll Shop.
 41365 | D:14     | Bought a scroll of fear for 56 gold pieces
 41365 | D:14     | Bought a scroll of fog for 56 gold pieces
 41365 | D:14     | Bought a scroll of teleportation for 42 gold pieces
 41365 | D:14     | Bought a scroll of fear for 56 gold pieces
 41365 | D:14     | Bought a scroll of amnesia for 56 gold pieces
 41751 | D:15     | Entered Level 15 of the Dungeon
 41757 | D:15     | Found a staircase to the Depths.
 42317 | D:14     | Noticed Rupert
 42660 | Lair:4   | Reached skill level 1 in Shields
 43055 | Lair:4   | Found a staircase to the Slime Pits.
 45913 | Lair:5   | Learned a level 4 spell: Summon Lightning Spire
 47604 | Lair:5   | Reached XP level 16. HP: 116/116 MP: 33/36
 48770 | D:13     | Killed Rupert
 50422 | D:15     | Bought the ring of Mik Qei {rF+ MP+9 EV+4} for 1033 gold
                  | pieces
 50426 | D:15     | Bought a scroll of teleportation for 63 gold pieces
 50426 | D:15     | Bought a glass ring for 105 gold pieces
 50426 | D:15     | Bought a potion of might for 84 gold pieces
 50428 | D:15     | Bought a scroll of fog for 48 gold pieces
 50428 | D:15     | Bought a scroll of teleportation for 36 gold pieces
 50428 | D:15     | Bought a scroll of fog for 48 gold pieces
 50428 | D:15     | Bought a scroll of amnesia for 48 gold pieces
 50430 | D:15     | Bought a book of the Sky for 748 gold pieces
 50438 | D:15     | Learned a level 7 spell: Storm Form
 50772 | D:15     | Reached skill level 1 in Transmutations
 51892 | D:14     | Reached skill level 13 in Fighting
 52383 | Elf:1    | Entered Level 1 of the Elven Halls
 53413 | Elf:1    | Noticed Kirke
 53434 | Elf:1    | Killed Kirke
 53968 | Abyss:3  | Noticed a tentacled starspawn
 53968 | Abyss:3  | Cast into level 3 of the Abyss (a deep elf sorcerer)
 53975 | Abyss:3  | Noticed a tentacled starspawn
 53995 | Abyss:3  | Noticed a tentacled monstrosity
 54024 | Abyss:3  | Killed a tentacled monstrosity
 54116 | Abyss:3  | Noticed a tentacled starspawn
 54163 | Abyss:3  | Reached skill level 1 in Unarmed Combat
 54167 | Abyss:3  | Reached skill level 5 in Transmutations
 54172 | Abyss:3  | Killed a tentacled starspawn
 54173 | Abyss:3  | Reached XP level 17. HP: 56/123 MP: 38/38
 54177 | Elf:1    | Escaped the Abyss
 54454 | D:15     | Bought a ring of wizardry for 450 gold pieces
 54462 | D:15     | Learned a level 5 spell: Freezing Cloud
 54799 | Spider:1 | Entered Level 1 of the Spider Nest
 57287 | Spider:2 | Reached skill level 5 in Shields
 59035 | Spider:2 | Reached skill level 5 in Unarmed Combat
 60252 | Spider:3 | Noticed Donald
 60525 | Spider:2 | Killed Donald
 62435 | Spider:3 | Identified the +0 ring mail "Dito" {rN+ Int+2}
 62563 | Spider:3 | Reached skill level 1 in Evocations
 62646 | Spider:3 | Reached skill level 14 in Fighting
 62946 | Spider:3 | Noticed Arachne
 62957 | Spider:3 | Killed Arachne
 62958 | Spider:3 | Reached XP level 18. HP: 131/131 MP: 35/39
 63332 | Spider:4 | Entered Level 4 of the Spider Nest
 63439 | Swamp:1  | Entered Level 1 of the Swamp
 64597 | Swamp:2  | Noticed Nikola
 65540 | Swamp:2  | Killed Nikola
 66366 | Swamp:3  | Noticed Mlioglotl
 66386 | Swamp:3  | Killed Mlioglotl
 67064 | Swamp:4  | Entered Level 4 of the Swamp
 67064 | Swamp:4  | Noticed Louise
 67150 | Swamp:4  | Killed Louise
 67255 | Swamp:4  | Reached skill level 10 in Transmutations
 67836 | Spider:3 | Reached skill level 10 in Unarmed Combat
 67836 | Spider:3 | Reached XP level 19. HP: 137/137 MP: 40/40
 69202 | Elf:1    | Reached skill level 5 in Evocations
 69235 | Elf:1    | Found a runed translucent gate.
 69235 | Elf:1    | Found a runed translucent gate.
 69235 | Elf:1    | Found a runed translucent gate.
 69235 | Elf:1    | Found a runed translucent gate.
 69235 | Elf:1    | Found a runed translucent gate.
 69237 | Elf:1    | Found a runed translucent gate.
 69433 | Elf:1    | Reached XP level 20. HP: 144/144 MP: 41/41
 69678 | Elf:2    | Paralysed by an air elemental for 1 turns
 69683 | Elf:1    | Paralysed by an air elemental for 1 turns
 70000 | Elf:2    | Identified the ring "Qapun" {Drain rC+ Will+ rCorr}
 70054 | Elf:2    | Reached skill level 15 in Dodging
 70772 | Elf:2    | Found a huge runed translucent gate.
 70772 | Elf:2    | Found a huge runed translucent gate.
 70772 | Elf:2    | Found a huge runed translucent gate.
 70773 | Elf:2    | Found a huge runed translucent gate.
 70776 | Elf:2    | Found a huge runed translucent gate.
 71426 | Spider:3 | Bought the ring "Hiseuq" {rC++ EV+4 Int+3} for 1068 gold
                  | pieces
 71431 | Spider:3 | Bought the ring "Riadiul" {rC+ Str+6 Dex+4} for 934 gold
                  | pieces
 72292 | Spider:4 | Noticed Agnes
 72306 | Spider:4 | Killed Agnes
 72307 | Spider:4 | Reached skill level 15 in Fighting
 72911 | Spider:4 | Got a gossamer rune of Zot
 74786 | Swamp:4  | Got a decaying rune of Zot
 75346 | Vaults:1 | Entered Level 1 of the Vaults
 75394 | Vaults:1 | Reached XP level 21. HP: 96/151 MP: 42/42
 77544 | Vaults:2 | Got the Compendium of Calling
 77864 | Vaults:2 | Noticed Jory
 77880 | Vaults:2 | Killed Jory
 78199 | Vaults:2 | Reached skill level 16 in Fighting
 78388 | Vaults:2 | Got the Treatise on the Ground
 78899 | Vaults:2 | Reached XP level 22. HP: 160/160 MP: 43/43
 79111 | Vaults:3 | Found a staircase to the Crypt.
 79179 | Vaults:3 | Noticed Mara
 79188 | Vaults:3 | Killed Mara
 79203 | Vaults:3 | Found a crumbling gateway.
 79226 | Desolati | Entered the Desolation of Salt
 79535 | Desolati | Got the Compendium of Septic Pyromania
 79543 | Desolati | Found the +1 cloak of Starlight {*Dazzle EV+4 Stlth--}
 79547 | Desolati | Found the +3 warlock's mirror {reflect}
 79677 | Desolati | Reached skill level 15 in Unarmed Combat
 79701 | Desolati | Reached skill level 15 in Transmutations
 79875 | Desolati | Identified the +8 rapier of Growth {holy, *Rage MP+9 Int+4}
 80103 | Desolati | Identified the ring "Esizxies" {Wiz rElec}
 80109 | Desolati | Identified the ring of Yboly {Str+6 Dex-4 Slay+5}
 80116 | Desolati | Got the Disquisition on Captivating Venin
 80289 | Vaults:3 | Noticed Saint Roka
 80298 | Vaults:3 | Killed Saint Roka
 80652 | Vaults:3 | Identified the +3 scimitar of the Rescuing Gods {drain,
                  | rF+++ Dex+6}
 81176 | Vaults:3 | Found the +12 pair of quick blades "Gyre" and "Gimble"
                  | {protect}
 81360 | Vaults:3 | You are sucked into a shaft and drop 1 floor!
 81969 | Vaults:4 | Reached XP level 23. HP: 143/167 MP: 44/44
 82134 | Vaults:4 | Identified the +7 battleaxe of the Pyrrhic Victory {vorpal,
                  | rN+ MP+9}
 83170 | Vaults:4 | Reached skill level 17 in Fighting
 84180 | Vaults:5 | Entered Level 5 of the Vaults
 84620 | Elf:3    | Entered Level 3 of the Elven Halls
 85317 | Elf:3    | Identified the +4 rapier of the Ubiquitous God {vorpal,
                  | Fragile Fly Str+9}
 85391 | Elf:3    | Reached XP level 24. HP: 135/175 MP: 44/44
 85629 | Elf:3    | Identified the amulet of the Komtur {RegenMP rC- rN+ Will+}
 85644 | Elf:3    | Identified the +3 sling of Wealth {venom, rElec Str+4}
 85650 | Elf:3    | Identified the +2 quarterstaff of the Bespelling Gods
                  | {vorpal, Dex+4}
 85656 | Elf:3    | Identified the +1 plate armour "Hats" {Str+6}
 85659 | Elf:3    | Identified the ring "Nyujaex" {Int+6 Dex+4}
 85679 | Elf:3    | Acquired 636 gold pieces
 85694 | Elf:3    | Got the Volume of the Hidden Vale
 85708 | Elf:3    | Identified the amulet "Henaeh" {Acrobat rElec}
 85754 | Elf:3    | Identified the +3 shortbow of Hell's Wrath {flame, Int+2}
 86520 | Elf:3    | Learned a level 9 spell: Chain Lightning
 86726 | D:8      | Bought a book of the Earth for 576 gold pieces
 86891 | Depths:1 | Entered Level 1 of the Depths
 87349 | Depths:1 | Found Fef Opep's Magic Scroll Emporium.
 87357 | Depths:1 | Bought a scroll of blinking for 142 gold pieces
 87357 | Depths:1 | Bought a scroll of fog for 76 gold pieces
 87357 | Depths:1 | Bought a scroll of summoning for 180 gold pieces
 87357 | Depths:1 | Bought a scroll of fog for 76 gold pieces
 87357 | Depths:1 | Bought a scroll of teleportation for 57 gold pieces
 87357 | Depths:1 | Bought a scroll of teleportation for 57 gold pieces
 87386 | Depths:1 | Found a gateway to Hell.
 88537 | Depths:2 | Found a one-way gate to the infinite horrors of the Abyss.
 88817 | Depths:2 | Gained mutation: Your natural rate of healing is unusually
                  | fast. [a neqoxec]
 88844 | Depths:2 | Found a one-way gate leading to the halls of Pandemonium.
 89491 | Depths:2 | Reached skill level 18 in Fighting
 89582 | Depths:2 | Noticed an ancient lich
 89589 | Depths:2 | Killed an ancient lich
 89656 | Depths:2 | Found a radiant altar of Vehumet.
 90001 | Depths:2 | Found the +8 frozen axe "Frostbite" {freezing cloud, *Noise
                  | Fly rC+}
 90132 | Depths:3 | Noticed a juggernaut
 90137 | Depths:3 | Killed a juggernaut
 90295 | Depths:3 | Found a one-way gateway to a ziggurat.
 90305 | Depths:3 | Reached skill level 5 in Conjurations
 90668 | Depths:3 | Noticed Parghit
 90675 | Depths:3 | Killed Parghit
 90826 | Depths:3 | Reached XP level 25. HP: 184/184 MP: 44/44
 91448 | Depths:3 | Found a basalt altar of Yredelemnul.
 91509 | Depths:4 | Entered Level 4 of the Depths
 91511 | Depths:4 | Noticed a juggernaut
 91531 | Depths:3 | Killed a juggernaut
 91599 | Depths:4 | Identified the +5 chain mail "Utyt" {Dex+3}
 91825 | Depths:4 | Found Seosoust's Assorted Antiques.
 91870 | Depths:4 | Found Muytiut's Antique Weapon Boutique.
 91878 | Depths:4 | Bought a scroll of teleportation for 87 gold pieces
 91878 | Depths:4 | Bought a scroll of teleportation for 87 gold pieces
 91878 | Depths:4 | Bought a potion of heal wounds for 145 gold pieces
 91878 | Depths:4 | Bought a potion of haste for 290 gold pieces
 91878 | Depths:4 | Bought a scroll of amnesia for 116 gold pieces
 91914 | Depths:4 | Found the ring of the Tortoise {AC+8}
 91917 | Depths:4 | Found Muatsu's Firing Range.
 92119 | Depths:4 | Found a gate to the Realm of Zot.
 92914 | Vaults:5 | Noticed Frederick
 92925 | Vaults:5 | Killed Frederick
 92993 | Vaults:5 | Identified the +8 dagger of the Eight Visionaries {elec,
                  | rN+ MP+9}
 93187 | Vaults:5 | Found the +8 Wrath of Trog {antimagic, *Rage Rampage}
 93254 | Vaults:5 | Got a silver rune of Zot
 93255 | Vaults:5 | Identified the +5 flail "Acsab" {pain, rCorr Str+2 Dex+2}
 93430 | Vaults:5 | Reached skill level 19 in Fighting
 93664 | Vaults:5 | Identified the ring "Solaagam" {rPois rC+}
 93726 | Vaults:5 | Identified the +5 acid dragon scales "Buolat" {*Slow rC++
                  | rCorr}
 93825 | Vaults:5 | Identified the +9 whip of Honour {freeze, Dex+4 SInv}
 94078 | Vaults:5 | Identified the +7 ring mail of Dust Devil {rPois rF+ rN+
                  | Will+}
 94126 | Vaults:5 | Identified the +12 falchion "Ivviyx" {vorpal, rF+ Will+}
 94126 | Vaults:5 | Identified the ring of the Swan {rN+ Will+ rCorr}
 94137 | Vaults:5 | Reached XP level 26. HP: 193/193 MP: 45/45
 94269 | Vaults:5 | Noticed Xtahua
 94275 | Vaults:5 | Killed Xtahua
 94421 | Vaults:4 | Learned a level 1 spell: Apportation
 94523 | Vaults:4 | Bought a manual of Fighting for 1760 gold pieces
 94603 | Crypt:1  | Entered Level 1 of the Crypt
 95507 | Crypt:2  | Noticed Zenata
 95512 | Crypt:2  | Killed Zenata
 95778 | Crypt:2  | Noticed Sojobo
 95788 | Crypt:2  | Killed Sojobo
 96310 | Crypt:3  | Entered Level 3 of the Crypt
 96448 | Crypt:3  | Reached skill level 20 in Fighting
 96744 | Crypt:3  | Identified the ring "Vyiqag" {Ice Stlth+}
 96744 | Crypt:3  | Noticed Josephina
 96752 | Crypt:3  | Killed Josephina
 97485 | Crypt:3  | Found an ancient bone altar of Kikubaaqudgha.
 97491 | Crypt:3  | Found a basalt altar of Yredelemnul.
 97570 | Crypt:3  | Got Sif Muna's Commentary on Shifting and the Ground
 97673 | Crypt:3  | Found a staircase to the Tomb.
 97880 | Crypt:3  | Found an ancient bone altar of Kikubaaqudgha.
 99185 | Zot:1    | Entered Level 1 of the Realm of Zot
 99213 | Depths:3 | Identified the +9 glaive of the Volcano {drain, rF- Dex+4}
 99213 | Depths:3 | Noticed a juggernaut
 99220 | Depths:3 | Killed a juggernaut
 99221 | Depths:3 | Reached skill level 10 in Conjurations
 99550 | Zot:1    | Found a transporter.
 99555 | Zot:1    | Found a transporter.
 99557 | Zot:1    | Found a transporter.
 99650 | Zot:1    | Found a transporter.
 99677 | Zot:1    | Reached XP level 27. HP: 203/203 MP: 46/46
100431 | Zot:2    | Reached skill level 21 in Fighting
101362 | Zot:3    | Noticed an ancient lich
101560 | Zot:3    | Noticed an orb of fire
101569 | Zot:3    | Noticed an orb of fire
101569 | Zot:3    | Noticed a dread lich
101953 | Zot:3    | Found a transporter.
101954 | Zot:3    | Found a shimmering blue altar of Sif Muna.
102379 | Zot:4    | Found a transporter.
102493 | Zot:4    | Found a transporter.
103104 | Zot:5    | Entered Level 5 of the Realm of Zot
103358 | Zot:5    | Reached skill level 22 in Fighting
103600 | Zot:5    | Noticed a dread lich
103601 | Zot:5    | Killed a dread lich
103611 | Zot:5    | Noticed an orb of fire
103612 | Zot:5    | Noticed an orb of fire
103615 | Zot:5    | Noticed an orb of fire
103615 | Zot:5    | Noticed a dread lich
103616 | Zot:5    | Noticed an ancient lich
103617 | Zot:5    | Gained mutation: You occasionally lose the ability to drink
                  | potions when taking damage. [an orb of fire]
103681 | Zot:4    | Learned a level 2 spell: Wereblood
103684 | Zot:4    | Learned a level 2 spell: Passwall
103789 | Hell     | Entered the Vestibule of Hell
103789 | Hell     | Noticed Geryon
103797 | Hell     | Killed Geryon
104131 | Hell     | Noticed a dread lich
104796 | Hell     | Killed a dread lich
105920 | Hell     | Found a gateway to the ashen valley of Gehenna.
105996 | Hell     | Found a gateway to the decaying netherworld of Tartarus.
106108 | Hell     | Found a gateway to the freezing wastes of Cocytus.
106199 | Hell     | Found a gateway to the Iron City of Dis.
106379 | Coc:1    | Entered Level 1 of Cocytus
106468 | Coc:1    | You are sucked into a shaft and drop 1 floor!
107481 | Depths:3 | Voluntarily entered the Abyss.
107600 | Abyss:3  | Noticed an ancient lich
107610 | Abyss:3  | Killed an ancient lich
107790 | Abyss:3  | Got an abyssal rune of Zot
107796 | Depths:3 | Escaped the Abyss
107880 | Depths:3 | Learned a level 6 spell: Statue Form
107886 | Depths:3 | Learned a level 5 spell: Silence
107894 | Depths:3 | Learned a level 7 spell: Orb of Destruction
107896 | Pan      | Entered Pandemonium
107978 | Pan      | Noticed Xos Nik the pandemonium lord
108013 | Pan      | Found an exit through the horrors of the Abyss.
108040 | Pan      | Reached skill level 23 in Fighting
108051 | Pan      | Noticed Seorohun the pandemonium lord
108063 | Pan      | Killed Seorohun the pandemonium lord
108641 | Pan      | Gained mutation: You have hidden genetic defects. [a
                  | neqoxec]
108935 | Pan      | Found a transporter.
108935 | Pan      | Found a transporter.
108935 | Pan      | Found a transporter.
108939 | Pan      | Found a transporter.
108939 | Pan      | Found a transporter.
108954 | Pan      | HP: 3/198 [Tzitzimitl/bolt of negative energy (24)]
108954 | Pan      | Slain by a Brimstone Fiend

Illustrated notes

Levels and vault maps discovered:
D:1:      amcnicky_arrival_single_pillar, layout_loops_corners, minmay_cupped
D:2:      layout_basic, chequers_ecumenical_altar_lobes, hex_large,
          kennysheep_nondescript
D:3:      layout_loops_corners, pdpol_wu_jian_five_deadly_venoms
D:4:      layout_loops_ring, nicolae_xom_altar_mimics,
          cheibrodos_ashenzari_chains, kennysheep_generic_room_8, uniq_pikel
D:5:      layout_loops_ring, fedhas_altar_fruit_tree
D:6:      layout_layer_cave, nemelex_dance_club_becter, serial_shops,
          nicolae_shop_bloodbath_and_beyond, kb_rosetta, uniq_crazy_yiuf_cottage
D:7:      layout_cave_pools, makhleb_altar_promises_db,
          minmay_temple_entry_slanted, chequers_ossuary_entry_cave,
          serial_co_window_serial, co_window_of_opportunity_a,
          co_window_paths_b, co_window_of_opportunity_a, co_window_cross_1,
          co_window_corner_a, co_window_corner_a, co_window_2corner,
          co_window_paths_c, co_window_2corner, co_window_broadway_b,
          co_window_broadway_b, uniq_maggie
D:8:      layout_layer_cave, trog_hazing_becter, nicolae_elyvilon_temple_path,
          dpeg_lair_monsters, enter_bailey_2, serial_shops,
          nicolae_shop_waterfront
D:9:      layout_roguey, david_orc_1_choice, minmay_misc_feat_chi
D:10:     layout_irregular_city
D:11:     layout_grid_maze, minmay_quadrilaterals
D:12:     minmay_the_grid_triangle_9x9_recursive_2
          [minmay_the_grid_triangle_9x9_prize_center,
          minmay_the_grid_triangle_9x9_dagger,
          minmay_the_grid_triangle_9x9_corruption,
          minmay_the_grid_triangle_9x9_negative_grid], layout_cave_pools,
          nicolae_hepliaklqana_hazy_memory
D:13:     layout_irregular_city, grunt_vaults_entry_tiered
D:14:     layout_roguey, serial_shops, nicolae_shop_advertising_works
          [nicolae_subvault_shop_adworks], nicolae_burly_brawl, uniq_roxanne,
          uniq_rupert
D:15:     gammafunk_depths_entry_grave, layout_loops_corners, eino_tiny_chamber
Temple:   eino_narrow_crystal_temple
Lair:1:   layout_gridlike, grunt_megastairs_4, serial_bayou_shore_b
Lair:2:   layout_cave_pods, uniq_urug
Lair:3:   layout_small_grid, minmay_swamp_entry_worms, spider_nest_entry_rubble,
          gauntlet_entry_generic
Lair:4:   nzn_winding_woodlands_medium [nzn_winding_woodlands_5x5_three,
          nzn_winding_woodlands_5x15_eye,
          nzn_winding_woodlands_5x5_checkerboard,
          nzn_winding_woodlands_5x5_open_star,
          nzn_winding_woodlands_center_lodge,
          nzn_winding_woodlands_5x5_closed_star,
          nzn_winding_woodlands_5x5_perimeter,
          nzn_winding_woodlands_5x15_pathside_ponds,
          nzn_winding_woodlands_hourglass], layout_hall_layers,
          dpeg_slime_entry_corner
Lair:5:   evilmike_catoblepas_cave, layout_hall_layers, kilobyte_rumbling_trees
Swamp:1:  layout_basic_swamp, evilmike_swamp_ruin_house_2, swamp_pool2
Swamp:2:  layout_basic_swamp, nicolae_swamp_well_well_well,
          infiniplex_staircase_pool_2, uniq_nikola
Swamp:3:  nicolae_swamp_long_stream, layout_basic_swamp,
          nicolae_swamp_little_swirl, swamp_pool5, uniq_mlioglotl
Swamp:4:  nzn_swamp_witches_coven, layout_basic_swamp, swamp_pool1, uniq_louise
Spider:1: layout_spider_delve
Spider:2: layout_spider_delve, drop_trap, nicolae_spider_orb_run
Spider:3: nicolae_spider_mines_1, uniq_donald, uniq_arachne
Spider:4: spider_rune_water, uniq_agnes
Orc:1:    layout_caves, gammafunk_ghost_arena
Orc:2:    grunt_orc_gardens, layout_caves, grunt_orc_garden, grunt_orc_garden,
          grunt_orc_garden, grunt_orc_garden
Elf:1:    elf_arrival_001, layout_gridlike, orc_legates, uniq_kirke
Elf:2:    elven_hall_of_blades_hangedman_alternative
          [nicolae_blade_entry_hurt_lockers], layout_rooms
Elf:3:    minmay_elf_hall_x, layout_onion_city, sword_in_stone,
          grunt_megastairs_5
Vaults:1: nicolae_vaults_little_squares_2, vaults_mumra_minichess_inversion,
          v_misc_32, nicolae_vaults_specimen_jars, ontoclasm_vaults_idyll,
          nicolae_vaults_yaktaur_gun_rack, hangedman_vaults_nails,
          hangedman_vaults_capsules, v_misc_18, layout_vaults_ring
Vaults:2: nicolae_vaults_alarming, st_more_cells, v_alt_pattern_2,
          ontoclasm_vaults_misaligned, nicolae_vaults_border_crossing,
          vaults_dpeg_diagonal, vaults_room_pool, vaults_mumra_chevron,
          hangedman_vaults_river_flow, v_misc_27, nicolae_vaults_three_branches,
          layout_vaults_maze_bifur, serial_hangedman_research,
          hangedman_research_geology, hangedman_research_convocations, uniq_jory
Vaults:3: portal_desolation_entry_nicolae_nacl, ontoclasm_vaults_gateway,
          minmay_crypt_entry_simple_corners, v_rooms_1, v_rooms_6,
          dpeg_vaults_monster_row, ontoclasm_vaults_spin, vaults_dpeg_hooks,
          vaults_room_ringed_pool, ontoclasm_vaults_pinch,
          nicolae_vaults_display_case, v_alt_pattern_6, vaults_room_corners,
          ontoclasm_vaults_decontamination, layout_vaults_omnicross, uniq_mara,
          uniq_saint_roka
Vaults:4: v_misc_28, ontoclasm_vaults_loading_screen,
          nicolae_vaults_diagonal_hallway_8, vaults_room_guarded_vault,
          vaults_room_pools, layout_vaults_omnigrid
Vaults:5: serial_shops, uniq_frederick, uniq_xtahua
Crypt:1:  layout_regular_city, grunt_megastairs_2
Crypt:2:  layout_regular_city, serial_glass, glass_columns_b, glass_columns_b,
          small_statue_intersection, uniq_zenata, uniq_margery, uniq_sojobo
Crypt:3:  lightli_unholy_cathedral, layout_chaotic_city,
          nicolae_tomb_entry_unfolded_pyramid_orthogonal,
          lemuel_mausoleum_altar_kikubaaqudgha, uniq_josephina
Depths:1: layout_gridlike, minmay_misc_feat_doors, serial_shops,
          nicolae_square_shop, hell_entry, kennysheep_generic_room_9
Depths:2: evilmike_halls_of_destruction, layout_cave_shapes,
          serial_co_window_serial, co_window_paths_b, co_window_corner_a,
          co_window_paths_a, co_window_paths_a, co_window_corner_a,
          co_window_paths_a, co_window_2corner, co_window_corner_b,
          co_window_unsneaky_path_b, nicolae_abyss_entry_one_way_or_another,
          rand_demon_pan_entry_8, pf_vacation_house_of_asmodeus
Depths:3: minmay_inside_and_out, layout_honeycomb, enter_ziggurat_e,
          abyss_entry, infiniplex_staircase_x, hangedman_tar_grid_catacomb,
          grunt_pan_entry_spiral, drop_trap,
          yredelemnul_forgotten_temple_becter, uniq_parghit
Depths:4: grunt_twist_and_shout, layout_long_grid, hell_entry,
          minmay_misc_feat_cross, small_chamber_with_monster,
          nicolae_shop_firing_range, minmay_shoptagon
Hell
Coc:1:    layout_cocytus_delve, nicolae_hells_hurtin_island
Coc:2:    layout_cocytus_water_paths
Coc:3:    layout_cocytus_water_paths
Zot:1:    layout_gridlike, lemuel_baited_zot_trap, nicolae_diode_quadrants
Zot:2:    layout_gridlike, st_stairs_4, guppyfry_library_mini,
          grunt_megastairs_3
Zot:3:    gammafunk_sealed_library, layout_twisted_circle
Zot:4:    gammafunk_sealed_arena, layout_twisted_circle
Zot:5:    layout_misc_corridors, hangedman_zot_gyre,
          hangedman_zot_diagonal_lockstep, grunt_ministairs_15
Pan:      nicolae_pan_hourglass, layout_rooms, evilmike_mini_pan_diamond,
          layout_basic, nicolae_pan_lom_lobonic_3, nicolae_pan_strange_glyphs
          [nicolae_pan_strange_glyph_disappointment,
          nicolae_pan_strange_glyph_spite, nicolae_pan_strange_glyph_angst,
          nicolae_pan_strange_glyph_disgust], gammafunk_the_bubble
          [the_bubble_gammafunk_roulette], layout_cellular_growth

Skill      XL: |  1  2  3  4  5  6  7  8  9 10 11 12 13 14 15 16 17 18 19 20 21 22 23 24 25 26 27 |
---------------+----------------------------------------------------------------------------------+-----
Spellcasting   | 3 4 5 6 7 8 9 10 11 12 14 16 17 18 19 20 | 20.6
Fighting       | 1 3 4 6 7 8 10 11 12 13 14 15 16 17 18 19 20 23 | 23.1
Air Magic      | 4 6 7 9 11 13 14 15 16 17 18 | 18.3
Dodging        | 4 5 6 8 9 10 11 12 13 14 15 16 17 18 19 20 21 | 21.6
Shields        | 1 3 5 |  5.3
Transmutations | 5 8 10 12 14 16 17 | 17.6
Unarmed Combat | 1 6 10 12 14 16 17 18 19 21 | 21.6
Evocations     | 1 4 5 6 9 |  9.4
Conjurations   | 5 8 10 13 | 13.6
Stealth        | |  2.6

Action                   |  1- 3 |  4- 6 |  7- 9 | 10-12 | 13-15 | 16-18 | 19-21 | 22-24 | 25-27 || total
-------------------------+-------+-------+-------+-------+-------+-------+-------+-------+-------++-------
Melee: Unarmed           |     6 |       |       |       |       |   548 |   643 |   772 |  1288 ||  3257
       Constrict         |     2 |     1 |     2 |     2 |     3 |     5 |     1 |     5 |    15 ||    36
       Dagger            |     4 |     5 |    12 |    35 |    21 |       |       |       |       ||    77
       Tentacles         |       |       |     3 |    12 |    12 |    14 |     1 |    10 |    30 ||    82
       Staff             |       |       |       |       |    10 |    33 |     4 |    25 |    52 ||   124
       Punch             |       |       |       |       |       |    37 |    65 |   108 |   232 ||   442
 Cast: Shock             |    80 |   130 |    88 |     8 |     4 |       |       |       |       ||   310
       Static Discharge  |       |     9 |     5 |     6 |    31 |     1 |       |       |       ||    52
       Airstrike         |       |       |    49 |   310 |   838 |   316 |   105 |    30 |     2 ||  1650
       Swiftness         |       |       |       |     2 |     4 |     1 |     1 |     1 |       ||     9
       Maxwell's Capacit |       |       |       |       |     1 |     8 |       |     7 |       ||    16
       Conjure Ball Ligh |       |       |       |       |     1 |     2 |       |       |       ||     3
       Summon Lightning  |       |       |       |       |    19 |    81 |    47 |     3 |       ||   150
       Storm Form        |       |       |       |       |       |    60 |    56 |    62 |   100 ||   278
       Freezing Cloud    |       |       |       |       |       |     2 |     4 |       |     1 ||     7
       Apportation       |       |       |       |       |       |       |       |       |    21 ||    21
       Wereblood         |       |       |       |       |       |       |       |       |     3 ||     3
Invok: Call Merchant     |       |       |       |       |       |     4 |     1 |     4 |     1 ||    10
       Potion Petition   |       |       |       |       |       |     3 |     1 |     1 |    12 ||    17
 Abil: Blinkbolt         |       |       |       |       |       |    16 |    17 |    29 |    23 ||    85
Evoke: Wand              |       |       |     1 |    19 |     9 |     6 |       |       |       ||    35
       Box of beasts     |       |       |       |     1 |     1 |     1 |       |       |       ||     3
       Phial of floods   |       |       |       |       |     2 |     2 |       |       |       ||     4
       Condenser vane    |       |       |       |       |     1 |     3 |     4 |     3 |     6 ||    17
       Tin of tremorston |       |       |       |       |       |       |     3 |     3 |     7 ||    13
  Use: Potion            |       |     4 |       |     5 |       |     7 |       |       |       ||    16
       Scroll            |       |       |     6 |     8 |    19 |    17 |     1 |     3 |     8 ||    62
 Stab: Sleeping          |       |       |       |       |     1 |     1 |     1 |     1 |     7 ||    11
       Distracted        |       |       |       |       |       |     9 |    21 |    12 |    24 ||    66
       Confused          |       |       |       |       |       |       |     5 |       |     1 ||     6
       Invisible         |       |       |       |       |       |       |       |       |     1 ||     1
Armor: Skin              |     7 |       |     3 |    32 |    37 |   238 |   133 |    82 |   186 ||   718
Dodge: Dodged            |    15 |    20 |    17 |   142 |   329 |  1284 |   810 |   764 |  1629 ||  5010
Block: Buckler           |       |       |       |       |       |    12 |     4 |    14 |    33 ||    63
       Reflection        |       |       |       |       |       |       |     1 |       |     3 ||     4
